 Dungeon Crawl Stone Soup version 0.29.1-15-g9cfb28693d (webtiles) character file.

Game seed: 5020862125403389857

1792 BuddhaDhamma the Cleaver (level 8, -5/96 HPs)
             Began as a Minotaur Berserker on Mar 5, 2023.
             Was a Priest of Trog.
             Slain by a gnoll bouda
             ... wielding a +0 whip
              (6 damage)
             ... on level 7 of the Dungeon.
             The game lasted 00:11:21 (7624 turns).

BuddhaDhamma the Cleaver (Minotaur Berserker)       Turns: 7624, Time: 00:11:22

Health: -5/96      AC: 10    Str: 29    XL:     8   Next: 82%
Magic:  7/7        EV:  7    Int:  4    God:    Trog [***...]
Gold:   402        SH:  8    Dex:  9    Spells: 7/7 levels left

rFire   + . .      SeeInvis .   a - +0 hand axe
rCold   . . .      Faith    .   b - +2 kite shield "Nekh" {rPois rF+ Str+4 Stlth-}
rNeg    . . .      Spirit   .   m - +0 chain mail
rPois   +          Reflect  .   (helmet restricted)
rElec   .          Harm     .   q - +1 cloak
rCorr   .          Rampage  .   (no gloves)
Will    .....                   (no boots)
Stlth   ..........              (no amulet)
HPRegen 0.26/turn               (no ring)
MPRegen 0.10/turn               (no ring)

@: berserking (expiring), lethally poisoned (-5 -> -10), very quick
A: horns 2, retaliatory headbutt
a: Renounce Religion, Berserk, Trog's Hand


You were on level 7 of the Dungeon.
You worshipped Trog.
Trog was most pleased with you.
You visited 1 branch of the dungeon, and saw 7 of its levels.

You collected 402 gold pieces.

Inventory:

Hand Weapons
 a - a +0 hand axe (weapon)
Missiles
 l - 4 boomerangs (quivered)
Armour
 b - the +2 kite shield "Nekh" (worn) {rPois rF+ Str+4 Stlth-}
   (You acquired it on level 3 of the Dungeon)

   Str:       It affects your strength (+4).
   rF:        It protects you from fire.
   rPois:     It protects you from poison.
   Stlth:     It makes you less stealthy.
 m - a +0 chain mail (worn)
 q - a +1 cloak (worn)
Wands
 j - a wand of light (11)
Scrolls
 c - a scroll of blinking
 e - 2 scrolls of poison
 h - 2 scrolls of teleportation
Potions
 d - a potion of flight {unknown}
 f - 5 potions of curing
 g - a potion of brilliance {unknown}
 i - 2 potions of haste
 k - a potion of resistance {unknown}
 o - 3 potions of heal wounds


   Skills:
 - Level 3.6 Fighting
 + Level 13.9 Axes
 - Level 2.4 Armour
 - Level 2.1 Dodging


You had 7 spell levels left.
You didn't know any spells.
Your spell library was empty.

Dungeon Overview and Level Annotations

Branches:
Dungeon (7/15)             Temple (0/1) D:7

Altars:
Elyvilon
Hepliaklqana
Uskayaw

Shops:
D:1 [


Innate Abilities, Weirdness & Mutations

You have a pair of horns on your head.
You reflexively headbutt those who attack you in melee.


Message History

Trog accepts your kill. The killer bee stings you.
* * * LOW HITPOINT WARNING * * *
The gnoll hits you from afar with a +0 halberd!
* * * LOW HITPOINT WARNING * * *
The gnoll barely misses you. You block the gnoll's attack.
You slash the killer bee!
The killer bee is severely wounded.
You feel sick. The killer bee stings you.
* * * LOW HITPOINT WARNING * * *
You are more poisoned.
The killer bee poisons you!
You slash the killer bee!
You kill the killer bee!
Trog accepts your kill.
You feel sick. You block the gnoll's attack.
The gnoll hits you from afar with a +0 spear.
* * * LOW HITPOINT WARNING * * *
The gnoll hits you from afar with a +0 spear.
* * * LOW HITPOINT WARNING * * *
* * * LOW HITPOINT WARNING * * *
You feel sick. You block the gnoll's attack.
The gnoll hits you from afar with a +0 spear.
* * * LOW HITPOINT WARNING * * *
You closely miss the gnoll bouda. Your headbutt misses the gnoll bouda.
You slash the gnoll!
You kill the gnoll!
Trog accepts your kill.
You hit the gnoll.
* * * LOW HITPOINT WARNING * * *
You feel sick.
You slash the gnoll bouda! Your headbutt misses the gnoll bouda.
The gnoll bouda is severely wounded.
You hit the gnoll.
* * * LOW HITPOINT WARNING * * *
You feel sick.
A gnoll comes into view. It is wielding a +0 club.
The gnoll closely misses you.
The gnoll bouda hits you with a +0 whip.
You die...

.# #..≈.#..#.#. .#
#.#..≈.#...>.. .#
.....≈....#.#. .#
#.##.≈...#.$.# #.##..........
#.#.......g# #.#g._.....+
#†#g§......# #..@g...#?....
####§≈..#.##.g #..§§..#.. ....
#.#§§§##.#
#...########^#.§§##.#
#.........##.#...##.#######
####.........##...............
#............##...#.##.#######
#............##...#...........


You could see a gnoll bouda and 3 gnolls.

Vanquished Creatures
  A troll (D:7)
  A water moccasin (D:5)
  An ice beast (D:6)
  An ogre (D:4)
  2 phantoms
  A kobold brigand (D:6)
  4 scorpions
  6 killer bees (D:7)
  2 jellies
  Crazy Yiuf (D:3)
  2 hounds
  4 orc priests
  2 iguanas
  3 orc wizards
  The ghost of leafyfresh the Sneak, a weakling OpDe (D:3)
  4 adders
  6 gnolls
  An ufetubus (D:4)
  A dart slug (D:1)
  11 orcs
  5 ball pythons
  4 endoplasms
  3 giant cockroaches
  6 goblins
  6 hobgoblins
  2 jackals (D:4)
  11 kobolds
  3 quokkas
  4 bats
  2 frilled lizards (D:2)
  8 rats
109 creatures vanquished.

Vanquished Creatures (others)
  2 plants (D:3)
2 creatures vanquished.

Grand Total: 111 creatures vanquished

Notes
Turn   | Place    | Note
-------+----------+-------------------------------------------
     0 | D:1      | BuddhaDhamma the Minotaur Berserker began the quest for the
                  | Orb.
     0 | D:1      | Reached XP level 1. HP: 19/19 MP: 0/0
   171 | D:1      | Reached skill level 4 in Axes
   287 | D:1      | Reached XP level 2. HP: 22/26 MP: 1/1
   549 | D:1      | Reached skill level 5 in Axes
   549 | D:1      | Reached XP level 3. HP: 18/31 MP: 2/2
   698 | D:1      | Found Puh Daug's Antique Armour Shop.
  1368 | D:2      | Reached ** piety under Trog
  1514 | D:2      | Found a white marble altar of Elyvilon.
  1714 | D:3      | Found a faded altar of an unknown god.
  1725 | D:3      | Found a transporter.
  1725 | D:3      | Noticed leafyfresh's ghost (weakling OpDe)
  1906 | D:3      | Found a runed translucent door.
  1907 | D:3      | Noticed Crazy Yiuf
  1956 | D:3      | Found a transporter.
  2065 | D:3      | Reached skill level 6 in Axes
  2065 | D:3      | Reached XP level 4. HP: 35/39 MP: 3/3
  2555 | D:3      | Killed Crazy Yiuf
  2645 | D:3      | Noticed an orc warrior
  2649 | D:3      | Killed leafyfresh's ghost
  2886 | D:4      | Reached skill level 7 in Axes
  2886 | D:4      | Reached XP level 5. HP: 43/45 MP: 4/4
  2906 | D:4      | Noticed an ogre
  2921 | D:4      | Killed an ogre
  3031 | D:4      | Reached skill level 8 in Axes
  3080 | D:4      | Reached XP level 6. HP: 25/51 MP: 5/5
  3658 | D:4      | Reached skill level 9 in Axes
  4272 | D:3      | Identified a scroll of acquirement
  4272 | D:3      | Acquired the +2 kite shield "Nekh" {rPois rF+ Str+4 Stlth-}
  4298 | D:5      | Entered Level 5 of the Dungeon
  4460 | D:5      | Reached XP level 7. HP: 33/57 MP: 6/6
  4890 | D:5      | Reached skill level 10 in Axes
  5614 | D:5      | Found a hide-covered altar of Uskayaw.
  5776 | D:6      | Reached skill level 11 in Axes
  6184 | D:6      | Reached XP level 8. HP: 60/64 MP: 7/7
  6562 | D:6      | Reached skill level 12 in Axes
  6568 | D:6      | Reached *** piety under Trog
  7305 | D:7      | Noticed a troll
  7327 | D:7      | Killed a troll
  7328 | D:7      | Reached skill level 13 in Axes
  7595 | D:7      | Found a hazy altar of Hepliaklqana.
  7600 | D:7      | Found a staircase to the Ecumenical Temple.
  7622 | D:7      | HP: 2/96 [gnoll/+0 spear[a gnoll bouda] (3)]
  7624 | D:7      | Slain by a gnoll bouda

Illustrated notes

Levels and vault maps discovered:
D:1:      minmay_arrival_four_circles, layout_basic, serial_shops,
          nicolae_shop_advertising_works [nicolae_subvault_shop_adworks]
D:2:      layout_basic, basic_altar
D:3:      layout_basic, gammafunk_ghost_arena, nicolae_ecumenical_pavilion,
          guppyfry_early_lair_pool, uniq_crazy_yiuf_cottage
D:4:      layout_basic, hangedman_decor_push, minmay_misc_feat_rows,
          minmay_crystal_room
D:5:      layout_layer_cave, nicolae_uskayaw_suspiria,
          minmay_misc_feat_more_columns, hangedman_abyss_or_decor_stagger
D:6:      layout_loops_corners
D:7:      layout_basic, mainiacjoe_overflow_boulevard,
          minmay_temple_entry_crystal_x

Skill      XL: |  1  2  3  4  5  6  7  8 |
---------------+-------------------------+-----
Axes           | 4 5 6 7 8 9 11 13 | 13.9
Fighting       | |  3.6
Armour         | |  2.4
Dodging        | |  2.1

Action                   |  1- 3 |  4- 6 |  7- 9 || total
-------------------------+-------+-------+-------++-------
Melee: Hand axe          |    84 |   122 |   149 ||   355
       Headbutt          |    12 |    16 |    18 ||    46
       Punch             |     1 |     1 |       ||     2
Throw: Boomerang         |       |       |    11 ||    11
Invok: Berserk           |       |     3 |     3 ||     6
  Use: Scroll            |       |    10 |     5 ||    15
Armor: Animal skin       |     3 |       |       ||     3
       Ring mail         |    10 |       |       ||    10
       Scale mail        |    16 |    39 |     8 ||    63
       Chain mail        |       |       |    75 ||    75
Dodge: Dodged            |    42 |    33 |    54 ||   129
Block: Kite shield       |       |     7 |    74 ||    81
